 Dungeon Crawl Stone Soup version 0.14-a0-3345-g9255d23 (webtiles) character file.

285 Fengor the Cudgeler (level 5, -8/54 HPs)
             Began as a Troll Wanderer on Mar 17, 2014.
             Mangled by a wight
             ... wielding a +0,+0 hand axe
              (9 damage)
             ... on Level 3 of the Dungeon.
             The game lasted 00:14:42 (2113 turns).

Fengor the Cudgeler (Troll Wanderer)                Turns: 2113, Time: 00:14:42

HP  -8/54        AC  6     Str 25      XL: 5   Next: 12%
MP   2/2         EV 10     Int  7      God:
Gold 132         SH  0     Dex 16      Spells:  0 memorised,  4 levels left

rFire  . . .     SeeInvis .     a - +1 mace
rCold  . . .     Clarity  .     v - +0 robe
rNeg   . . .     Conserve .     (shield restricted)
rPois  .         rCorr    .     (helmet restricted)
rElec  .         rRot     .     u - +0 cloak
SustAb . .       Spirit   .     (gloves unavailable)
rMut   .         Warding  .     (boots unavailable)
Gourm  +         Stasis   .     (no amulet)
MR     .....                    (no ring)
                                y - +5 ring of dexterity

@: mighty, drained, not resistant to hostile enchantments, unstealthy
A: unfitting armour, claws 3, fast metabolism 3, gourmand, regeneration 2,
saprovore 2, shaggy fur 1, tough skin 2
a: no special abilities


You were on level 3 of the Dungeon.
You were very full.

You visited 1 branch of the dungeon, and saw 4 of its levels.

You collected 132 gold pieces.

Inventory:

Hand weapons
 a - a +1,+1 mace (weapon)
 b - a +0,+0 bow
 e - a +0,+1 spear of dragon slaying
 A - a +1,+2 hand axe of electrocution
Missiles
 d - 58 arrows
 k - 41 darts (quivered)
 m - 27 stones
Armour
 u - a +0 cloak (worn)
 v - a +0 robe (worn)
Comestibles
 f - 2 meat rations
 q - 2 bread rations
 r - a choko
Scrolls
 c - 2 scrolls of teleportation {unknown}
 i - 4 scrolls of identify {unknown}
 j - a scroll of fear {unknown}
 l - a scroll of remove curse {unknown}
 n - a scroll of amnesia {unknown}
 o - a scroll of enchant weapon II {unknown}
 s - a scroll of noise {unknown}
 t - a scroll of recharging {unknown}
Jewellery
 y - a +5 ring of dexterity (left claw)
Potions
 p - a potion of heal wounds {unknown}
 w - a potion of berserk rage {unknown}
 x - a potion of poison {unknown}
 z - a potion of mutation {unknown}


   Skills:
 + Level 4.1(3.4) Fighting
 + Level 4.5(3.8) Maces & Flails
 + Level 1.7(1.0) Dodging
 + Level 0.4(0.0) Stealth
   Level 1.0(0.3) Shields
   Level 1.0(0.3) Evocations


You had 4 spell levels left.
You didn't know any spells.

Dungeon Overview and Level Annotations

Branches:
Dungeon (4/15)
 Temple: D:4-7

Altars:
Xom


Innate Abilities, Weirdness & Mutations

You are too large for most types of armour.
You have claws for hands.
Your metabolism is lightning-fast.
You like to eat raw meat.
You heal very quickly.
You can eat rotten meat.
You are covered in fur (AC +1).
You have very tough skin (AC +2).


Message History

You hit the wight.
The wight is heavily damaged.
The wight hits you with a war axe. The wight hits you but does no damage.
You barely miss the wight.
The wight is heavily damaged.
The wight hits you with a war axe!
* * * LOW HITPOINT WARNING * * *
You feel drained.
* * * LOW HITPOINT WARNING * * *
The wight hits you but does no damage.
Drink which item? (? for menu, Esc to quit)
You feel better.
It was a potion of curing.
The wight hits you with a war axe.
* * * LOW HITPOINT WARNING * * *
The wight closely misses you.
Drink which item? (? for menu, Esc to quit)
You feel very mighty all of a sudden.
It was a potion of might.
The wight hits you with a war axe!
* * * LOW HITPOINT WARNING * * *
The wight hits you with a hand axe!
You die...

♣♣♣.♣♣♣♣ #.##.......#
♣♣♣♣.♣♣♣♣♣ #.##..######
♣♣..).♣♣♣♣ #......#
♣..♣♣...♣♣♣♣♣ #.#....#
♣♣.♣♣♣♣.♣♣♣♣♣♣♣♣ #..<#..#
♣.♣♣♣♣♣♣...♣♣♣♣♣♣♣ #.#....#
.♣♣♣♣♣♣♣♣♣♣..z♣♣♣♣♣
#.#.#.## ..♣♣ ♣♣♣♣♣♣♣♣zz♣♣♣
#.#.#.# .♣♣♣ ♣♣♣♣♣♣z@♣♣
#.#.#.# ♣♣♣♣ ♣♣♣♣♣♣♣
#.#.#.# ♣♣♣ ♣♣♣♣♣♣##.#.#.#
####################....#.#
.............>............#
#########.###.#.##.#.######
#.....#......#
##############


You could see 4 wights.

Vanquished Creatures
  6 adders
  A gnoll (D:1)
  A shadow imp (D:4)
  2 worms (D:3)
  3 giant geckos
  5 orcs (D:3)
  5 bats
  7 giant cockroaches
  5 goblins
  3 hobgoblins
  6 jackals (D:2)
  5 kobolds
  2 quokkas
  4 giant newts
  A hobgoblin skeleton (D:3)
  4 rats
60 creatures vanquished.

Notes
Turn   | Place    | Note
--------------------------------------------------------------
     0 | D:1      | Fengor, the Troll Wanderer, began the quest for the Orb.
     0 | D:1      | Reached XP level 1. HP: 23/23 MP: 1/1
    47 | D:1      | Reached XP level 2. HP: 21/31 MP: 1/1
   139 | D:1      | Reached skill level 4 in Maces & Flails
   528 | D:1      | Found a shimmering altar of Xom.
   528 | D:1      | Found a shimmering altar of Xom.
   528 | D:1      | Found a shimmering altar of Xom.
   529 | D:1      | Found a shimmering altar of Xom.
   529 | D:1      | Found a shimmering altar of Xom.
   529 | D:1      | Found a shimmering altar of Xom.
   927 | D:1      | Reached XP level 3. HP: 37/37 MP: 2/2
  1301 | D:2      | Reached XP level 4. HP: 46/48 MP: 2/2
  1493 | D:3      | Reached skill level 1 in Dodging
  2055 | D:3      | Reached XP level 5. HP: 42/54 MP: 2/2
  2113 | D:3      | HP: 1/54 [wight/war axe (8)]
  2113 | D:3      | Mangled by a wight

Action                   |  1- 3 |  4- 6 || total
-------------------------+-------+-------++-------
Melee: Mace              |    93 |   122 ||   215
Throw: Dart              |     6 |    13 ||    19
       Stone             |     1 |       ||     1
  Use: Potion            |       |     2 ||     2
 Stab: Sleeping          |       |     1 ||     1
